| TOP OF THE 1ST |
|
Mexico City Conquistadors batting - Pitching for Santa Ana Cafes : LHP Jerry Don Gleaton
|
|
Pitching: LHP Jerry Don Gleaton
|
|
|
Batting: RHB Brad Komminsk
|
0-0: Bunted foul 0-1: Foul Ball, location: 2F 0-2: Ball 1-2: Foul Ball, location: 2F 1-2: SOLO HOME RUN (Flyball, 7LD, EV 112.5 MPH), Distance : 349 ft
|
|
Batting: RHB Gary Redus
|
0-0: Ball 1-0: Ball 2-0: Reached on error, E9 (Flyball, 89M, EV 78.8 MPH)
|
|
Batting: LHB Roy E Johnson
|
0-0: Ball Pickoff Throw to First - Error! E1 Gary Redus to second 1-0: Ball 2-0: Foul Ball, location: 2F 2-1: Fly out, F6 (Flyball, 56D, EV 79.4 MPH)
|
|
Batting: RHB German Rivera
|
0-0: Foul Ball, location: 2F 0-1: Ball 1-1: 2-RUN HOME RUN (Flyball, 78XD, EV 90.0 MPH), Distance : 441 ft
|
|
Batting: LHB James Durrman
|
0-0: Ball 1-0: Called Strike 1-1: Swinging Strike 1-2: Ball 2-2: Fly out, F9 (Flyball, 9LS, EV 87.5 MPH)
|
|
Batting: RHB Mike Calise
|
0-0: Fly out, F7 (Flyball, 7, EV 90.0 MPH)
|
| Top of the 1st over - 3 runs, 2 hits, 2 errors, 0 left on base; Mexico City 3 - Santa Ana 0 |
| BOTTOM OF THE 1ST |
|
Santa Ana Cafes batting - Pitching for Mexico City Conquistadors : LHP Dom Chiti
|
|
Pitching: LHP Dom Chiti
|
|
|
Batting: RHB Eric Davis
|
0-0: Called Strike 0-1: Fly out, F7 (Flyball, 78D, EV 108.8 MPH)
|
|
Batting: LHB Von Hayes
|
0-0: Ball 1-0: Swinging Strike 1-1: Ground out 5-3 (Groundball, 5L, EV 104.4 MPH)
|
|
Batting: LHB Andre David
|
0-0: Ball 1-0: Swinging Strike 1-1: Fly out, F7 (Flyball, 7LS, EV 95.6 MPH)
|
| Bottom of the 1st over - 0 runs, 0 hits, 0 errors, 0 left on base; Mexico City 3 - Santa Ana 0 |
| TOP OF THE 2ND |
|
Mexico City Conquistadors batting - Pitching for Santa Ana Cafes : LHP Jerry Don Gleaton
|
|
Batting: RHB Jimmy Thomas
|
0-0: Ball 1-0: Called Strike 1-1: Ball 2-1: Ball 3-1: Swinging Strike 3-2: Foul Ball, location: 2F 3-2: Strikes out swinging
|
|
Batting: RHB Lance Junker
|
0-0: Ball 1-0: Ball 2-0: Foul Ball, location: 2F 2-1: Foul Ball, location: 2F 2-2: Ball 3-2: Base on Balls
|
|
Batting: SHB Maury Ornest
|
0-0: Ball 1-0: Ball 2-0: Ball 3-0: Called Strike 3-1: Swinging Strike 3-2: Strikes out swinging
|
|
Batting: RHB Brad Komminsk
|
0-0: Ball 1-0: Ball 2-0: Fly out, F3 (Popup, 3F, EV 57.5 MPH)
|
| Top of the 2nd over - 0 runs, 0 hits, 0 errors, 1 left on base; Mexico City 3 - Santa Ana 0 |
| BOTTOM OF THE 2ND |
|
Santa Ana Cafes batting - Pitching for Mexico City Conquistadors : LHP Dom Chiti
|
|
Batting: RHB Martinho Varandas
|
0-0: Swinging Strike 0-1: Ball 1-1: Foul Ball, location: 2F 1-2: Ball 2-2: Ball 3-2: Base on Balls
|
|
Batting: RHB Pat Tabler
|
0-0: Called Strike 0-1: Fly out, F9 (Line Drive, 9, EV 88.8 MPH)
|
|
Batting: RHB Brian J Giles
|
0-0: Swinging Strike 0-1: Fly out, F8 (Flyball, 8LD, EV 105.0 MPH)
|
|
Batting: RHB Tim Laudner
|
0-0: Ball 1-0: Swinging Strike 1-1: Ball 2-1: Foul Ball, location: 2F 2-2: Strikes out swinging
|
| Bottom of the 2nd over - 0 runs, 0 hits, 0 errors, 1 left on base; Mexico City 3 - Santa Ana 0 |
| TOP OF THE 3RD |
|
Mexico City Conquistadors batting - Pitching for Santa Ana Cafes : LHP Jerry Don Gleaton
|
|
Batting: RHB Gary Redus
|
0-0: Called Strike 0-1: Ball 1-1: Foul Ball, location: 2F 1-2: Ball 2-2: Ball 3-2: DOUBLE (Line Drive, 78M, EV 93.8 MPH)
|
|
Batting: LHB Roy E Johnson
|
0-0: Ball 1-0: Swinging Strike 1-1: Ball 2-1: Ball 3-1: Base on Balls
|
|
Batting: RHB German Rivera
|
0-0: Called Strike 0-1: Ball Wild Pitch! Gary Redus to third Roy E Johnson to second 1-1: Ground out 6-3 (Groundball, 6, EV 95.0 MPH) Gary Redus scores Roy E Johnson to third
|
|
Batting: LHB James Durrman
|
0-0: Ground out 4-3 (Groundball, 4, EV 85.0 MPH) Roy E Johnson scores
|
|
Batting: RHB Mike Calise
|
0-0: Ground out 5-3 (Groundball, 56S, EV 88.8 MPH)
|
| Top of the 3rd over - 2 runs, 1 hit, 0 errors, 0 left on base; Mexico City 5 - Santa Ana 0 |
| BOTTOM OF THE 3RD |
|
Santa Ana Cafes batting - Pitching for Mexico City Conquistadors : LHP Dom Chiti
|
|
Batting: RHB Skeeter Barnes
|
0-0: Ground out 5-3 (Groundball, 56, EV 103.1 MPH)
|
|
Batting: RHB Fred Manrique
|
0-0: Foul Ball, location: 2F 0-1: Foul Ball, location: 2F 0-2: Ball 1-2: Ground out 5-3 (Groundball, 56S, EV 66.3 MPH)
|
|
Batting: RHB Eric Davis
|
0-0: Called Strike 0-1: Ball 1-1: Foul Ball, location: 2F 1-2: Ball 2-2: Foul Ball, location: 2F 2-2: Foul Ball, location: 2F 2-2: Ground out 5-3 (Groundball, 56S, EV 94.4 MPH)
|
| Bottom of the 3rd over - 0 runs, 0 hits, 0 errors, 0 left on base; Mexico City 5 - Santa Ana 0 |
| TOP OF THE 4TH |
|
Mexico City Conquistadors batting - Pitching for Santa Ana Cafes : LHP Jerry Don Gleaton
|
|
Pitching: RHP Alejandro Gallardo
|
|
|
Batting: RHB Jimmy Thomas
|
0-0: Ball 1-0: Ball 2-0: Swinging Strike 2-1: Ball 3-1: Fly out, F8 (Flyball, 8LS, EV 96.3 MPH)
|
|
Batting: RHB Lance Junker
|
0-0: Ball 1-0: Ball 2-0: Ball 3-0: Base on Balls
|
|
Batting: SHB Maury Ornest
|
0-0: Swinging Strike 0-1: Ball 1-1: Swinging Strike 1-2: DOUBLE (Line Drive, 8RXD, EV 103.8 MPH) Lance Junker to third
|
|
Batting: RHB Brad Komminsk
|
0-0: Called Strike 0-1: Ball 1-1: Foul Ball, location: 2F 1-2: Strikes out swinging
|
|
Batting: RHB Gary Redus
|
0-0: Called Strike 0-1: Fly out, F7 (Line Drive, 7, EV 89.4 MPH)
|
| Top of the 4th over - 0 runs, 1 hit, 0 errors, 2 left on base; Mexico City 5 - Santa Ana 0 |
| BOTTOM OF THE 4TH |
|
Santa Ana Cafes batting - Pitching for Mexico City Conquistadors : LHP Dom Chiti
|
|
Batting: LHB Von Hayes
|
0-0: Ball 1-0: SINGLE (Line Drive, 89S, EV 106.3 MPH)
|
|
Batting: LHB Andre David
|
0-0: Called Strike 0-1: Ball Wild Pitch! Von Hayes to second 1-1: Swinging Strike 1-2: Foul Ball, location: 2F 1-2: Reached on error, E1 (Groundball, 15S, EV 63.1 MPH) Von Hayes to third
|
|
Batting: RHB Martinho Varandas
|
0-0: Ball 1-0: Foul Ball, location: 2F 1-1: Ball 2-1: Ball 3-1: Foul Ball, location: 2F 3-2: Base on Balls Andre David to second
|
|
Batting: RHB Pat Tabler
|
0-0: Grounds into double play, 4-6-3 (Groundball, 4, EV 82.5 MPH) Von Hayes scores Andre David to third
|
|
Batting: RHB Brian J Giles
|
0-0: Called Strike 0-1: Ball 1-1: Foul Ball, location: 2F 1-2: Ball 2-2: Ground out 6-3 (Groundball, 6, EV 81.3 MPH)
|
| Bottom of the 4th over - 1 run, 1 hit, 1 error, 1 left on base; Mexico City 5 - Santa Ana 1 |
| TOP OF THE 5TH |
|
Mexico City Conquistadors batting - Pitching for Santa Ana Cafes : RHP Alejandro Gallardo
|
|
Batting: LHB Roy E Johnson
|
0-0: Called Strike 0-1: Ball 1-1: Called Strike 1-2: Foul Ball, location: 2F 1-2: Ball 2-2: Foul Ball, location: 2F 2-2: Ball 3-2: Foul Ball, location: 2F 3-2: Base on Balls
|
|
Batting: RHB German Rivera
|
0-0: Called Strike 0-1: Ball 1-1: Swinging Strike 1-2: Ball 2-2: Strikes out looking
|
|
Batting: LHB James Durrman
|
0-0: Ball Roy E Johnson steals 2nd, throwing error, E2 Roy E Johnson to third 1-0: Ball 2-0: Swinging Strike 2-1: Ball 3-1: Base on Balls
|
|
Batting: RHB Mike Calise
|
0-0: Ball 1-0: Grounds into double play, 4-6-3 (Groundball, 4, EV 77.5 MPH)
|
| Top of the 5th over - 0 runs, 0 hits, 1 error, 1 left on base; Mexico City 5 - Santa Ana 1 |
| BOTTOM OF THE 5TH |
|
Santa Ana Cafes batting - Pitching for Mexico City Conquistadors : LHP Dom Chiti
|
|
Batting: RHB Tim Laudner
|
0-0: Ball 1-0: Foul Ball, location: 2F 1-1: Ground out 6-3 (Groundball, 56, EV 86.9 MPH)
|
|
Batting: RHB Skeeter Barnes
|
0-0: Ball 1-0: Fly out, F8 (Flyball, 8RD, EV 100.6 MPH)
|
|
Batting: RHB Fred Manrique
|
0-0: Fly out, F5 (Popup, 5SF, EV 81.9 MPH)
|
| Bottom of the 5th over - 0 runs, 0 hits, 0 errors, 0 left on base; Mexico City 5 - Santa Ana 1 |
| TOP OF THE 6TH |
|
Mexico City Conquistadors batting - Pitching for Santa Ana Cafes : RHP Alejandro Gallardo
|
|
Batting: RHB Jimmy Thomas
|
0-0: Ball 1-0: Ball 2-0: Ball 3-0: Foul Ball, location: 2F 3-1: Called Strike 3-2: Foul Ball, location: 2F 3-2: Fly out, F8 (Line Drive, 8LD, EV 98.8 MPH)
|
|
Batting: RHB Lance Junker
|
0-0: Ball 1-0: Ball 2-0: Ball 3-0: Called Strike 3-1: Base on Balls
|
|
Pitching: RHP Kenneth Shea
|
|
|
Batting: SHB Maury Ornest
|
0-0: Called Strike 0-1: Called Strike 0-2: Ball 1-2: Ball Lance Junker steals 2nd base 2-2: Ball 3-2: Base on Balls
|
|
Batting: RHB Brad Komminsk
|
0-0: Ball 1-0: Called Strike 1-1: Swinging Strike 1-2: Foul Ball, location: 2F 1-2: Strikes out looking
|
|
Batting: RHB Gary Redus
|
0-0: Ball 1-0: Called Strike 1-1: Foul Ball, location: 2F 1-2: Ball 2-2: Ball 3-2: Base on Balls Lance Junker to third Maury Ornest to second
|
|
Batting: LHB Roy E Johnson
|
0-0: Ball 1-0: Ball 2-0: Called Strike 2-1: Called Strike 2-2: Ground out U3 (Groundball, 3, EV 85.0 MPH)
|
| Top of the 6th over - 0 runs, 0 hits, 0 errors, 3 left on base; Mexico City 5 - Santa Ana 1 |
| BOTTOM OF THE 6TH |
|
Santa Ana Cafes batting - Pitching for Mexico City Conquistadors : LHP Dom Chiti
|
|
Batting: RHB Eric Davis
|
0-0: Called Strike 0-1: Swinging Strike 0-2: Ball 1-2: Foul Ball, location: 2F 1-2: Strikes out swinging
|
|
Batting: LHB Von Hayes
|
0-0: Ball 1-0: Ball 2-0: Foul Ball, location: 2F 2-1: Ball 3-1: Fly out, F8 (Flyball, 8LD, EV 89.4 MPH)
|
|
Batting: LHB Andre David
|
0-0: SINGLE (Line Drive, 7S, EV 110.6 MPH)
|
|
Batting: RHB Martinho Varandas
|
0-0: Ball 1-0: Ball 2-0: DOUBLE (Line Drive, 89D, EV 104.4 MPH) Andre David to third Runner from 3rd tries for Home, SAFE, throw by CF to trailing runner, OUT at third! 8-4-5
|
| Bottom of the 6th over - 1 run, 2 hits, 0 errors, 0 left on base; Mexico City 5 - Santa Ana 2 |
| TOP OF THE 7TH |
|
Mexico City Conquistadors batting - Pitching for Santa Ana Cafes : RHP Kenneth Shea
|
|
Batting: RHB German Rivera
|
0-0: Ball 1-0: Ball 2-0: Foul Ball, location: 2F 2-1: Ball 3-1: Foul Ball, location: 2F 3-2: SINGLE (Line Drive, 34D, EV 96.3 MPH)
|
|
Batting: LHB James Durrman
|
0-0: Ball 1-0: Called Strike 1-1: Swinging Strike 1-2: Ball 2-2: Strikes out swinging
|
|
Batting: RHB Mike Calise
|
0-0: Ball 1-0: Called Strike 1-1: Called Strike 1-2: Strikes out swinging
|
|
Batting: RHB Jimmy Thomas
|
0-0: Ball 1-0: SINGLE (Line Drive, 8RS, EV 104.4 MPH) German Rivera to second
|
|
Batting: RHB Lance Junker
|
0-0: SINGLE (Line Drive, 3D, EV 94.4 MPH) German Rivera to third Jimmy Thomas to second Runner from 3rd tries for Home, throw by RF and OUT! 9-2
|
| Top of the 7th over - 0 runs, 3 hits, 0 errors, 2 left on base; Mexico City 5 - Santa Ana 2 |
| BOTTOM OF THE 7TH |
|
Santa Ana Cafes batting - Pitching for Mexico City Conquistadors : LHP Dom Chiti
|
|
Batting: RHB Pat Tabler
|
0-0: Ball 1-0: Ball 2-0: Called Strike 2-1: Foul Ball, location: 2F 2-2: Fly out, F6 (Line Drive, 6, EV 62.5 MPH)
|
|
Batting: RHB Brian J Giles
|
0-0: Called Strike 0-1: Called Strike 0-2: Ball 1-2: Strikes out swinging
|
|
Batting: RHB Tim Laudner
|
0-0: Called Strike 0-1: Swinging Strike 0-2: Ball 1-2: Ball 2-2: Foul Ball, location: 2F 2-2: Foul Ball, location: 2F 2-2: Foul Ball, location: 2F 2-2: Ball 3-2: Foul Ball, location: 2F 3-2: Foul Ball, location: 2F 3-2: Base on Balls
|
|
Batting: RHB Skeeter Barnes
|
0-0: Called Strike 0-1: Called Strike 0-2: Foul Ball, location: 2F 0-2: Foul Ball, location: 2F 0-2: SINGLE (Line Drive, 3L, EV 106.3 MPH) Tim Laudner to second Runner from 2nd tries for 3rd, SAFE, throw by RF made to third
|
|
Batting: RHB Fred Manrique
|
0-0: Swinging Strike 0-1: Swinging Strike 0-2: Strikes out swinging
|
| Bottom of the 7th over - 0 runs, 1 hit, 0 errors, 2 left on base; Mexico City 5 - Santa Ana 2 |
| TOP OF THE 8TH |
|
Mexico City Conquistadors batting - Pitching for Santa Ana Cafes : RHP Kenneth Shea
|
|
Batting: SHB Maury Ornest
|
0-0: Called Strike 0-1: Ball 1-1: Foul Ball, location: 2F 1-2: Foul Ball, location: 2F 1-2: Foul Ball, location: 2F 1-2: Ball 2-2: Ball 3-2: Strikes out looking
|
|
Batting: RHB Brad Komminsk
|
0-0: Ball 1-0: Ball 2-0: Called Strike 2-1: Ball 3-1: Bunt missed! 3-2: Base on Balls
|
|
Pitching: RHP Tony Jordan
|
|
|
Batting: RHB Gary Redus
|
0-0: Ball 1-0: DOUBLE (Line Drive, 9LS, EV 95.0 MPH) Brad Komminsk to third Runner from 3rd tries for Home, SAFE, throw by RF to home
|
|
Batting: LHB Roy E Johnson
|
0-0: Ball Gary Redus steals 3rd base 1-0: Ball Wild Pitch! Gary Redus scores 2-0: Fly out, F9 (Flyball, 9LS, EV 88.8 MPH)
|
|
Batting: RHB German Rivera
|
0-0: Called Strike 0-1: Foul Ball, location: 2F 0-2: Foul Ball, location: 2F 0-2: Strikes out swinging
|
| Top of the 8th over - 2 runs, 1 hit, 0 errors, 0 left on base; Mexico City 7 - Santa Ana 2 |
| BOTTOM OF THE 8TH |
|
Santa Ana Cafes batting - Pitching for Mexico City Conquistadors : LHP Dom Chiti
|
|
Batting: RHB Eric Davis
|
0-0: Ball 1-0: Foul Ball, location: 2F 1-1: Foul Ball, location: 2F 1-2: Strikes out swinging
|
|
Batting: LHB Von Hayes
|
0-0: Ball 1-0: Ground out U3 (Groundball, 34, EV 76.9 MPH)
|
|
Batting: LHB Andre David
|
0-0: Ball 1-0: Foul Ball, location: 2F 1-1: Foul Ball, location: 2F 1-2: Ball 2-2: Strikes out swinging
|
| Bottom of the 8th over - 0 runs, 0 hits, 0 errors, 0 left on base; Mexico City 7 - Santa Ana 2 |
| TOP OF THE 9TH |
|
Mexico City Conquistadors batting - Pitching for Santa Ana Cafes : RHP Tony Jordan
|
|
Batting: LHB James Durrman
|
0-0: Ball 1-0: Ball 2-0: Foul Ball, location: 2F 2-1: Ball 3-1: Foul Ball, location: 2F 3-2: Fly out, F9 (Flyball, 9LM, EV 88.8 MPH)
|
|
Batting: RHB Mike Calise
|
0-0: Swinging Strike 0-1: Foul Ball, location: 2F 0-2: Ball 1-2: Foul Ball, location: 2F 1-2: Strikes out swinging
|
|
Batting: RHB Jimmy Thomas
|
0-0: Called Strike 0-1: Ball 1-1: Swinging Strike 1-2: Foul Ball, location: 2F 1-2: Ball 2-2: Foul Ball, location: 2F 2-2: Strikes out swinging
|
| Top of the 9th over - 0 runs, 0 hits, 0 errors, 0 left on base; Mexico City 7 - Santa Ana 2 |
| BOTTOM OF THE 9TH |
|
Santa Ana Cafes batting - Pitching for Mexico City Conquistadors : LHP Dom Chiti
|
|
Batting: RHB Martinho Varandas
|
0-0: Swinging Strike 0-1: Ball 1-1: Foul Ball, location: 2F 1-2: Foul Ball, location: 2F 1-2: Foul Ball, location: 2F 1-2: DOUBLE (Flyball, 89D, EV 105.0 MPH)
|
|
Batting: RHB Pat Tabler
|
0-0: Ground out 5-3 (Groundball, 5, EV 100.0 MPH)
|
|
Batting: RHB Brian J Giles
|
0-0: Called Strike 0-1: Ball 1-1: Ball 2-1: Ball 3-1: Base on Balls
|
|
Batting: RHB Tim Laudner
|
0-0: Called Strike 0-1: Ball 1-1: Foul Ball, location: 2F 1-2: Ball 2-2: Foul Ball, location: 2F 2-2: Fielders Choice at 2nd, 1-4 (Groundball, P, EV 71.3 MPH) Martinho Varandas to third
|
|
Batting: RHB Skeeter Barnes
|
0-0: Ball 1-0: Swinging Strike 1-1: Ball 2-1: Fielders Choice at 2nd, 6-4 (Groundball, 6, EV 95.6 MPH)
|
| Bottom of the 9th over - 0 runs, 1 hit, 0 errors, 2 left on base; Mexico City 7 - Santa Ana 2 |
|